[Event "Titled Tuesday Blitz July 18 Late 2023"]
[White "NLLO777"]
[Black "Golubev, Mikhail"]
[BlackFideId "14100983"]
[WhiteElo "2453"]
[BlackElo "2576"]
[Result "0-1"]
[Round "8"]
[TimeControl "180+2"]
[Date "2023.07.18"]
[WhiteClock "0:00:00"]
[BlackClock "0:00:05"]
[Board "64"]

1. d4 Nf6 2. c4 g6 3. Nc3 Bg7 4. e4 d6 5. h3 Nbd7 6. Be3 e5 7. Nf3 exd4 8. Nxd4 O-O 9. Be2 Re8 10. Qc2 Nc5 11. Bf3 Nfxe4 12. Nxe4 Nxe4 13. Bxe4 Qe7 14. Bxg6 hxg6 15. O-O b6 16. Rfe1 Bb7 17. Qd2 Qd7 18. Bh6 Bh8 19. Qf4 Rxe1+ 20. Rxe1 Re8 21. Re3 a6 22. Bg5 Rxe3 23. Qxe3 c5 24. Nf3 Bxb2 25. Nh2 Qe6 26. Qd2 Qe4 27. Nf3 Be5 28. Be3 b5 29. cxb5 axb5 30. Ne1 b4 31. f3 Qd5 32. Qe2 Bd4 33. Kh1 Qe5 34. Nc2 Bxe3 35. Nxe3 Bd5 36. Qd3 Be6 37. Ng4 Qd4 38. Qe2 c4 39. h4 Kg7 40. Qe1 Bxg4 41. fxg4 c3 42. h5 Qd2 43. Qh4 c2 44. h6+ Kh7 45. Qf6 c1=Q+ 46. Kh2 Qxh6+ 47. Kg3 Qg7 48. Qh4+ Kg8 49. Qd8+ Qf8 50. Qh4 Qe8 51. Kh3 Qee3+ 52. g3 Qee1 0-1


[Site "https://www.chess.com"]

[Event "Titled Tuesday Blitz July 18 Late 2023"]
[White "Villarreal, Agustin"]
[Black "Bartel, Michal"]
[WhiteFideId "125687"]
[BlackFideId "1119257"]
[WhiteElo "2416"]
[BlackElo "2575"]
[Result "0-1"]
[Round "8"]
[TimeControl "180+2"]
[Date "2023.07.18"]
[WhiteClock "0:01:26"]
[BlackClock "0:02:24"]
[Board "65"]

1. d4 Nf6 2. Nf3 c5 3. d5 e6 4. c4 exd5 5. cxd5 d6 6. Nc3 g6 7. e4 Bg7 8. h3 O-O 9. Bd3 Re8 10. O-O c4 11. Bc2 b5 12. a3 a6 13. Re1 Nbd7 14. Bf4 Qb6 15. Rc1 Bb7 16. Qd2 Nc5 17. Be3 Nfd7 18. Nd4 Ne5 19. Rb1 Qc7 20. b3 cxb3 21. Nxb3 Nc4 22. Nxb5 axb5 23. Qb4 Nxa3 24. Bxc5 dxc5 25. Qd2 c4 26. Nd4 Bxd4 27. Qxd4 Nxc2 28. Qf6 Nxe1 29. Rxe1 Bxd5 0-1


[Site "https://www.chess.com"]

[Event "Titled Tuesday Blitz July 18 Late 2023"]
[White "Altman, Joshua"]
[Black "Disconzi da Silva, Rodrigo"]
[WhiteFideId "426210"]
[BlackFideId "2100991"]
[WhiteElo "2557"]
[BlackElo "2451"]
[Result "1-0"]
[Round "8"]
[TimeControl "180+2"]
[Date "2023.07.18"]
[WhiteClock "0:00:47"]
[BlackClock "0:00:35"]
[Board "66"]

1. e4 c5 2. Nf3 e6 3. b3 b6 4. Bb2 Bb7 5. d3 Nc6 6. g3 d6 7. Bg2 Nf6 8. O-O Be7 9. Nbd2 O-O 10. Qe2 Nd7 11. Rad1 b5 12. c3 b4 13. d4 bxc3 14. Bxc3 Nb4 15. dxc5 Ba6 16. Nc4 dxc5 17. Nfe5 Bc8 18. Nxd7 Bxd7 19. Ne5 Bf6 20. Rxd7 Qc8 21. Rfd1 a5 22. Bxb4 axb4 23. Nc4 Bd4 24. Nb6 Qc6 25. R7xd4 cxd4 26. Nxa8 Qxa8 27. e5 Qa7 28. Qc4 Rd8 29. Qxb4 d3 30. Qc3 Qxa2 31. Rxd3 Qb1+ 32. Bf1 Rb8 33. Qc7 Rf8 34. Rd8 g6 35. Rxf8+ Kxf8 36. Qc5+ Kg7 37. b4 h5 38. h4 g5 39. hxg5 h4 40. gxh4 Qe4 41. Qe3 Qxb4 42. Qg3 Qb1 43. h5 Qf5 44. Bd3 1-0


[Site "https://www.chess.com"]

[Event "Titled Tuesday Blitz July 18 Late 2023"]
[White "Pham, Le Thao Nguyen"]
[Black "Storn, Justin"]
[WhiteFideId "12401226"]
[BlackFideId "30922720"]
[WhiteElo "2555"]
[BlackElo "2386"]
[Result "1-0"]
[Round "8"]
[TimeControl "180+2"]
[Date "2023.07.18"]
[WhiteClock "0:00:09"]
[BlackClock "0:00:03"]
[Board "67"]

1. d4 Nf6 2. c4 c5 3. Nf3 cxd4 4. Nxd4 e5 5. Nb5 d5 6. cxd5 a6 7. N5c3 Bc5 8. e3 e4 9. Nd2 Bf5 10. Ndxe4 Bxe4 11. Nxe4 Bb4+ 12. Bd2 Bxd2+ 13. Nxd2 Qxd5 14. Qb3 Qc6 15. Qc4 O-O 16. Qxc6 Nxc6 17. Bc4 Rfd8 18. Ke2 Ne5 19. Rac1 Rd7 20. Nf3 Nxc4 21. Rxc4 Rad8 22. Rhc1 Kf8 23. Rc7 b5 24. R1c2 Ne4 25. Rxd7 Rxd7 26. Ne5 Rd6 27. b4 f6 28. Nc6 Kf7 29. a3 f5 30. Nd4 g6 31. g3 Kf6 32. h4 Ke5 33. Rc7 Kd5 34. Rxh7 Kc4 35. Rc7+ Kd5 36. Rc2 Rf6 37. Nb3 Nd6 38. Rc5+ Ke4 39. f3# 1-0


[Site "https://www.chess.com"]

[Event "Titled Tuesday Blitz July 18 Late 2023"]
[White "Bogaudinov, Rushan"]
[Black "Przybylski, Wojciech"]
[WhiteFideId "4129288"]
[BlackFideId "1117599"]
[WhiteElo "2380"]
[BlackElo "2553"]
[Result "1-0"]
[Round "8"]
[TimeControl "180+2"]
[Date "2023.07.18"]
[WhiteClock "0:00:13"]
[BlackClock "0:00:01"]
[Board "68"]

1. d4 Nf6 2. Nf3 d5 3. g3 Bf5 4. Bg2 c6 5. O-O e6 6. c4 Nbd7 7. Nc3 Be7 8. b3 O-O 9. Bb2 Rb8 10. e3 b5 11. c5 b4 12. Ne2 Be4 13. Nf4 Qc7 14. h4 Rfe8 15. Re1 a5 16. Rc1 h6 17. h5 Ng4 18. Bh3 Bf5 19. Bg2 e5 20. Nxe5 Ngxe5 21. dxe5 Nxe5 22. Bxe5 Qxe5 23. Qd4 Bf6 24. Qxe5 Bxe5 25. Ne2 a4 26. Bf3 Bb2 27. Rcd1 a3 28. Nd4 Bh7 29. Nxc6 Rbc8 30. Bxd5 Bc2 31. Rc1 Bxc1 32. Rxc1 Bf5 33. Nxb4 Re5 34. c6 Be4 35. Bxe4 Rxe4 36. Nd5 Re6 37. c7 Kf8 38. b4 Rd6 39. e4 Ke8 40. b5 f5 41. f3 fxe4 42. fxe4 Rxc7 43. Nxc7+ Kd7 44. Nd5 Re6 45. Rc4 Kd6 46. b6 Ke5 47. b7 Re8 48. Rc8 Rd8 49. Rxd8 1-0


[Site "https://www.chess.com"]

[Event "Titled Tuesday Blitz July 18 Late 2023"]
[White "Adireddy Arjun"]
[Black "Musovic, Armin"]
[WhiteFideId "25647709"]
[BlackFideId "939935"]
[WhiteElo "2373"]
[BlackElo "2550"]
[Result "0-1"]
[Round "8"]
[TimeControl "180+2"]
[Date "2023.07.18"]
[WhiteClock "0:00:00"]
[BlackClock "0:00:10"]
[Board "69"]

1. Nf3 Nf6 2. g3 g6 3. Bg2 Bg7 4. O-O O-O 5. d4 d5 6. c4 c5 7. cxd5 cxd4 8. Nxd4 Nxd5 9. Nc2 Be6 10. Nd4 Bg4 11. Nb5 a6 12. Bxd5 axb5 13. Bxb7 Qxd1 14. Rxd1 Ra7 15. Bf3 Bxf3 16. exf3 Nc6 17. Nc3 b4 18. Ne2 Rfa8 19. a3 h5 20. Rb1 Rb7 21. axb4 Rxb4 22. b3 Ra2 23. Kf1 Ne5 24. Ng1 Rc2 25. Bd2 Rb7 26. Bf4 Nc6 27. Ne2 e5 28. Be3 h4 29. Rdc1 Rxc1+ 30. Nxc1 h3 31. Nd3 f5 32. Ke2 Rb5 33. b4 Bf6 34. Bc5 Kf7 35. Rb3 Ke6 36. Ra3 e4 37. fxe4 fxe4 38. Nf4+ Kf5 39. Nxh3 Nxb4 40. Bxb4 Rxb4 41. Ra5+ Kg4 42. Nf4 Bd4 43. Kf1 Rb2 44. Kg1 Bxf2+ 45. Kh1 Kf3 0-1


[Site "https://www.chess.com"]

[Event "Titled Tuesday Blitz July 18 Late 2023"]
[White "disciplinedbrat"]
[Black "MFatigue"]
[WhiteElo "2261"]
[BlackElo "2542"]
[Result "1-0"]
[Round "8"]
[TimeControl "180+2"]
[Date "2023.07.18"]
[WhiteClock "0:02:20"]
[BlackClock "0:01:55"]
[Board "70"]

1. g3 g6 2. Bg2 Bg7 3. d3 e5 4. Nd2 Nc6 5. a3 d6 6. b4 f5 7. Bb2 Nf6 8. e4 O-O 9. exf5 Bxf5 10. Ne2 Qd7 11. c4 Bh3 12. O-O Rae8 13. Re1 Bxg2 14. Kxg2 e4 15. Bxf6 Bxf6 16. Nxe4 Bxa1 17. Qxa1 Qf7 18. Nf4 h6 19. Nf6+ Qxf6 20. Qxf6 Rxf6 21. Rxe8+ Kh7 22. Rc8 Rf7 23. Nd5 Ne5 24. Rxc7 Rxc7 25. Nxc7 Nxd3 26. Ne8 Ne5 27. Nxd6 b6 28. c5 bxc5 29. bxc5 Kg7 30. Nc8 a5 31. Na7 Kf6 32. c6 Ke7 33. c7 1-0


[Site "https://www.chess.com"]

[Event "Titled Tuesday Blitz July 18 Late 2023"]
[White "Cordova, Emilio"]
[Black "SicilianPanzer"]
[WhiteFideId "3801497"]
[WhiteElo "2797"]
[BlackElo "2309"]
[Result "1-0"]
[Round "8"]
[TimeControl "180+2"]
[Date "2023.07.18"]
[WhiteClock "0:01:57"]
[BlackClock "0:00:46"]
[Board "71"]

1. d4 Nf6 2. Bg5 d5 3. e3 Nbd7 4. Nf3 g6 5. c4 c5 6. Nc3 cxd4 7. Qxd4 dxc4 8. Bxc4 Bg7 9. Rd1 O-O 10. O-O Qb6 11. Qh4 Qxb2 12. Na4 Qa3 13. Rd3 1-0


[Site "https://www.chess.com"]

[Event "Titled Tuesday Blitz July 18 Late 2023"]
[White "Leenhouts, Koen"]
[Black "Oro, Faustino"]
[WhiteFideId "1008439"]
[BlackFideId "20000197"]
[WhiteElo "2512"]
[BlackElo "2756"]
[Result "1-0"]
[Round "8"]
[TimeControl "180+2"]
[Date "2023.07.18"]
[WhiteClock "0:00:18"]
[BlackClock "0:00:14"]
[Board "72"]

1. d4 Nf6 2. c4 e6 3. Nc3 Bb4 4. Qc2 d5 5. cxd5 exd5 6. Bg5 O-O 7. e3 c6 8. Bd3 h6 9. Bh4 Nbd7 10. Nf3 Re8 11. O-O a5 12. Rfe1 Be7 13. h3 Nf8 14. Bg3 Bd6 15. Ne5 Ne6 16. Rad1 c5 17. Nxf7 Kxf7 18. Bg6+ Kg8 19. Bxd6 Qxd6 20. Bxe8 Nxe8 21. dxc5 Qxc5 22. Rxd5 Qc6 23. Red1 b6 24. Qg6 Bb7 25. Rd7 Nf6 26. Qf7+ Kh8 27. Rxb7 Rf8 28. Qe7 Re8 29. Qf7 Rf8 30. Rc7 Qxc7 31. Qxe6 Qb7 32. Nd5 Rd8 33. e4 Re8 34. Nxf6 1-0


[Site "https://www.chess.com"]

[Event "Titled Tuesday Blitz July 18 Late 2023"]
[White "Shuvalova, Polina"]
[Black "Berezin, Viktor"]
[WhiteFideId "24171760"]
[BlackFideId "14107872"]
[WhiteElo "2645"]
[BlackElo "2512"]
[Result "1-0"]
[Round "8"]
[TimeControl "180+2"]
[Date "2023.07.18"]
[WhiteClock "0:00:28"]
[BlackClock "0:00:10"]
[Board "73"]

1. d4 Nf6 2. Nf3 g6 3. c3 Bg7 4. Nbd2 O-O 5. e4 d6 6. Bd3 Nc6 7. O-O e5 8. Re1 Re8 9. h3 h6 10. a3 a5 11. b3 Bd7 12. Bb2 Nh5 13. Bf1 Nf4 14. Qc2 g5 15. Rad1 h5 16. dxe5 dxe5 17. Nc4 g4 18. hxg4 hxg4 19. Nh2 Qe7 20. Ne3 Rad8 21. Nhxg4 Qg5 22. Rxd7 Rxd7 23. g3 Red8 24. Bc1 Nd3 25. Bxd3 Rxd3 26. Nd5 Qxg4 27. Qxd3 Rd6 28. Kg2 Kf8 29. Qf3 Qd7 30. Be3 b6 31. Rh1 Ne7 32. c4 Nxd5 33. exd5 f5 34. Rh5 Rf6 35. Bg5 Rg6 36. Bd2 f4 37. Qe4 Qg4 38. Qf5+ Ke7 39. Qxg4 Rxg4 40. Kf3 Rg6 41. gxf4 exf4 42. Bxf4 Kd7 43. Rh7 Kc8 44. Ke4 1-0


[Site "https://www.chess.com"]

[Event "Titled Tuesday Blitz July 18 Late 2023"]
[White "Ismayil, Malak"]
[Black "Tarhan, Adar"]
[WhiteFideId "13412604"]
[BlackFideId "34544712"]
[WhiteElo "2510"]
[BlackElo "2578"]
[Result "1/2-1/2"]
[Round "8"]
[TimeControl "180+2"]
[Date "2023.07.18"]
[WhiteClock "0:00:19"]
[BlackClock "0:00:52"]
[Board "74"]

1. e4 c6 2. d4 d5 3. Nc3 dxe4 4. Nxe4 Nf6 5. Nxf6+ gxf6 6. Be3 Bf5 7. Bd3 Rg8 8. Bxf5 Qa5+ 9. Qd2 Qxf5 10. f3 e6 11. O-O-O Na6 12. Nh3 Bb4 13. Qe2 Bd6 14. a3 Nc7 15. g4 Qd5 16. Nf2 Qa2 17. c3 Bxa3 18. Qc2 Qa1+ 19. Kd2 Qxb2 20. Qxb2 Bxb2 21. Rb1 Ba3 22. Rxb7 Bd6 23. Ne4 O-O-O 24. Rxa7 f5 25. Nxd6+ Rxd6 26. Bf4 Rgd8 27. Bxd6 Rxd6 28. gxf5 e5 29. Kd3 exd4 30. cxd4 Nb5 31. Ra4 Rd5 32. Rc1 Kb7 33. Rac4 Rxf5 34. Ke4 Nd6+ 35. Ke3 Nxc4+ 36. Rxc4 Rh5 37. Rc2 Kc7 38. Rg2 Kd6 39. Ke4 f5+ 40. Ke3 Rh4 41. Rc2 Rh6 42. Ra2 Re6+ 43. Kf4 Kd5 44. Kxf5 Rh6 45. Rd2 Rh4 46. f4 h6 47. Rc2 Kxd4 48. Rxc6 Rxh2 49. Re6 h5 50. Kf6 h4 51. f5 h3 52. Re8 Rg2 53. Rh8 h2 54. Ke6 Re2+ 55. Kf7 Rf2 56. f6 Ke5 57. Ke7 Ra2 58. Rh5+ Kf4 59. f7 Ra7+ 60. Kf6 Rxf7+ 61. Kxf7 Kg3 62. Kg6 Kg2 63. Rg5+ Kh3 64. Rh5+ Kg2 65. Rxh2+ Kxh2 1/2-1/2


[Site "https://www.chess.com"]

[Event "Titled Tuesday Blitz July 18 Late 2023"]
[White "Velasco, Santiago"]
[Black "Shapiro, Viktor"]
[WhiteFideId "4401328"]
[BlackFideId "4175700"]
[WhiteElo "2563"]
[BlackElo "2493"]
[Result "1/2-1/2"]
[Round "8"]
[TimeControl "180+2"]
[Date "2023.07.18"]
[WhiteClock "0:01:14"]
[BlackClock "0:01:22"]
[Board "75"]

1. d4 Nf6 2. Nf3 c5 3. d5 e6 4. Nc3 exd5 5. Nxd5 Nxd5 6. Qxd5 d6 7. Bf4 Nc6 8. e4 Be6 9. Qd2 d5 10. exd5 Qxd5 11. Qxd5 Bxd5 12. O-O-O O-O-O 13. a3 Be7 14. Bd3 Be6 15. Ng5 Bxg5 16. Bxg5 Rd5 17. Be3 Rhd8 18. h4 h6 19. Be4 Rxd1+ 20. Rxd1 Rxd1+ 21. Kxd1 Nd4 22. b4 b6 23. c3 Nf5 24. Bxf5 Bxf5 25. bxc5 bxc5 26. Bxc5 a6 27. Bf8 g5 28. h5 Bg4+ 29. f3 Bxh5 30. Bxh6 g4 31. fxg4 Bxg4+ 32. Kd2 Kd7 33. Ke3 Kc6 34. Kd4 Kb5 35. Bf8 Be6 36. Bb4 a5 37. Be7 Bb3 38. Bd8 a4 39. Be7 Be6 40. Bb4 Bb3 41. Ke5 Be6 42. Kf4 Kc4 43. g4 Kd3 44. g5 Ba2 45. Ke5 Kc4 46. Kd6 Kb5 47. Ke7 Bb3 48. Kd6 Bc4 49. Ke5 Bb3 50. Kd4 Bc4 51. Be7 Bb3 52. Bf6 Bc4 53. Be7 Ba2 54. Bb4 Bc4 55. Ke5 Ba2 56. Kf6 Bb3 57. Kf5 Ba2 58. Ke5 Bb3 1/2-1/2


[Site "https://www.chess.com"]

[Event "Titled Tuesday Blitz July 18 Late 2023"]
[White "Schekachikhin, Maksim"]
[Black "Kleiman, Jake"]
[WhiteFideId "24177830"]
[BlackFideId "2020041"]
[WhiteElo "2535"]
[BlackElo "2492"]
[Result "0-1"]
[Round "8"]
[TimeControl "180+2"]
[Date "2023.07.18"]
[WhiteClock "0:00:32"]
[BlackClock "0:00:18"]
[Board "76"]

1. d4 Nf6 2. Nf3 e6 3. e3 d5 4. Bd3 Be7 5. O-O O-O 6. Nbd2 b6 7. b3 Bb7 8. Bb2 c5 9. Ne5 Ne4 10. Bxe4 dxe4 11. dxc5 f6 12. c6 Ba6 13. Nec4 b5 14. Na3 Nxc6 15. c4 b4 16. Nc2 Qd3 17. Qc1 f5 18. Rd1 Qe2 19. Nf1 Rad8 20. Nd4 Nxd4 21. Bxd4 Qg4 22. h3 Qg6 23. Bxa7 e5 24. c5 Bd3 25. Qb2 Qe6 26. Bb6 Rc8 27. a3 bxa3 28. Qxa3 f4 29. b4 f3 30. Rxd3 exd3 31. Qxd3 e4 32. Qc2 fxg2 33. Kxg2 Kh8 34. Ng3 Rf3 35. Rf1 Rcf8 36. b5 h5 37. c6 h4 38. Nxe4 Qxh3+ 39. Kg1 Qg4+ 0-1


[Site "https://www.chess.com"]

[Event "Titled Tuesday Blitz July 18 Late 2023"]
[White "Tikhonov, Viacheslav"]
[Black "JERO-8914"]
[WhiteFideId "44196407"]
[WhiteElo "2535"]
[BlackElo "2489"]
[Result "0-1"]
[Round "8"]
[TimeControl "180+2"]
[Date "2023.07.18"]
[WhiteClock "0:00:02"]
[BlackClock "0:01:04"]
[Board "77"]

1. e4 c6 2. d4 d5 3. Nc3 dxe4 4. Nxe4 Bf5 5. Ng3 Bg6 6. h4 h6 7. Bc4 e6 8. N1e2 Bd6 9. Nf4 Bxf4 10. Bxf4 Ne7 11. c3 O-O 12. Qd2 Nd5 13. O-O-O Nd7 14. f3 N7b6 15. Bb3 a5 16. a3 a4 17. Ba2 Nxf4 18. Qxf4 Nd5 19. Qd2 b5 20. Ne4 Rb8 21. Nc5 Qd6 22. h5 Bh7 23. g4 e5 24. Rhe1 Rfe8 25. Bb1 Bxb1 26. Kxb1 exd4 27. Qxd4 Qg3 28. Ne4 Qxf3 29. g5 hxg5 30. h6 gxh6 31. Ka1 Rbd8 32. Rd3 Qf4 33. Rdd1 Re6 34. Qd3 Rde8 35. c4 bxc4 36. Qh3 Rxe4 37. Rf1 Qh4 38. Qd7 Nf4 39. Qxc6 Qg4 40. Rh1 Qe6 41. Qxa4 c3 42. Qc2 cxb2+ 43. Qxb2 Re2 44. Rd2 Rxd2 45. Qxd2 Qe5+ 46. Ka2 Qd5+ 47. Qxd5 Nxd5 48. Rxh6 g4 49. a4 g3 50. Rh3 Re3 51. a5 g2 52. Rh5 g1=Q 53. Rxd5 Qf2+ 54. Rd2 Qxd2+ 55. Kb1 Re1# 0-1


[Site "https://www.chess.com"]

[Event "Titled Tuesday Blitz July 18 Late 2023"]
[White "szachmistrz2500"]
[Black "Goffredo_Fofi"]
[WhiteElo "2478"]
[BlackElo "2526"]
[Result "1-0"]
[Round "8"]
[TimeControl "180+2"]
[Date "2023.07.18"]
[WhiteClock "0:00:36"]
[BlackClock "0:00:04"]
[Board "78"]

1. e4 g6 2. g3 Bg7 3. Bg2 c5 4. f4 Nc6 5. d3 e6 6. Nf3 Nge7 7. Nbd2 d6 8. O-O O-O 9. Qe2 b5 10. e5 Rb8 11. Ne4 dxe5 12. fxe5 Nxe5 13. Bf4 N7c6 14. Nxc5 Nxf3+ 15. Bxf3 Nd4 16. Qe4 Nxf3+ 17. Qxf3 Qd4+ 18. Be3 Qxb2 19. Qf2 e5 20. Rfb1 Qa3 21. Rb3 Qa5 22. a4 b4 23. c3 Bf5 24. Rab1 Qd8 25. cxb4 Bh3 26. Ne4 Qd5 27. Bxa7 Ra8 28. a5 Rxa7 29. Qxa7 f5 30. Qc5 Rd8 31. Qxd5+ Rxd5 32. Nf2 Bg4 33. Nxg4 fxg4 34. b5 Bf8 35. Rc1 e4 36. dxe4 Rd2 37. b6 Bg7 38. Rc4 Bd4+ 39. Rxd4 Rxd4 40. b7 1-0


[Site "https://www.chess.com"]

[Event "Titled Tuesday Blitz July 18 Late 2023"]
[White "Kanyamarala, Tarun"]
[Black "Arnold, Ken"]
[WhiteFideId "45004714"]
[BlackFideId "2056836"]
[WhiteElo "2519"]
[BlackElo "2433"]
[Result "0-1"]
[Round "8"]
[TimeControl "180+2"]
[Date "2023.07.18"]
[WhiteClock "0:00:11"]
[BlackClock "0:00:37"]
[Board "79"]

1. e4 c6 2. Nf3 d5 3. Nc3 e6 4. d4 dxe4 5. Nxe4 Nd7 6. Bd3 Ngf6 7. Ng3 Bd6 8. O-O O-O 9. Re1 Qc7 10. c3 Re8 11. Qc2 b6 12. Bg5 h6 13. Bd2 Bb7 14. Ne4 Bf4 15. Nxf6+ Nxf6 16. Ne5 Bxd2 17. Qxd2 c5 18. dxc5 Qxc5 19. Re3 Red8 20. Rae1 Rd5 21. Qc2 Rad8 22. h3 Qc7 23. Qe2 a5 24. a4 Rc5 25. Bc4 Bd5 26. Bb5 Bb3 27. Rg3 Bd1 28. Rxd1 Rxd1+ 29. Qxd1 Rxe5 30. Qc1 Kf8 31. Rf3 Rd5 32. b4 axb4 33. c4 Rd4 34. Rb3 Qd6 35. Rb1 Ne4 36. Qe3 Nc3 37. Re1 Rd1 38. g3 Rxe1+ 39. Qxe1 Qd1 40. Kf1 Qxe1+ 41. Kxe1 Nxb5 42. cxb5 Ke7 43. Kd2 Kd6 44. Kc2 Kc5 45. Kb3 e5 46. f3 f5 47. Kc2 e4 48. fxe4 fxe4 49. Kd2 b3 50. Kc3 e3 51. Kxb3 e2 52. Kc2 e1=Q 53. Kd3 Qxg3+ 0-1


[Site "https://www.chess.com"]

[Event "Titled Tuesday Blitz July 18 Late 2023"]
[White "Rottenwohrer Suarez, Juan"]
[Black "Seyhanoglu, Deniz"]
[WhiteFideId "32068182"]
[BlackFideId "6302572"]
[WhiteElo "2517"]
[BlackElo "2426"]
[Result "1-0"]
[Round "8"]
[TimeControl "180+2"]
[Date "2023.07.18"]
[WhiteClock "0:01:04"]
[BlackClock "0:00:07"]
[Board "80"]

1. e4 d5 2. exd5 Qxd5 3. Nc3 Qa5 4. Nf3 Nf6 5. Be2 Bg4 6. O-O e6 7. d4 c6 8. Bf4 Qd8 9. h3 Bh5 10. Qd2 Bd6 11. Rad1 O-O 12. Rfe1 Qc7 13. Bg5 Nbd7 14. Ne5 Bxe2 15. Qxe2 Rfe8 16. Rd3 Nd5 17. Rg3 Nxc3 18. bxc3 Nxe5 19. dxe5 Bf8 20. Bf6 g6 21. Qd2 a5 22. Re4 a4 23. Rh4 Ra5 24. Qg5 Qb6 25. Rh6 Qc5 26. h4 Rb5 27. h5 Rb1+ 28. Kh2 Qxf2 29. Rf3 Qg1+ 30. Kg3 Qe1+ 31. Kh3 Qh1+ 32. Kg3 Rg1 33. Rf2 Bc5 34. hxg6 Bxf2+ 35. Kf3 Qxg2+ 36. Qxg2 Rxg2 37. gxh7+ 1-0


[Site "https://www.chess.com"]

[Event "Titled Tuesday Blitz July 18 Late 2023"]
[White "D`Arruda, Ricardo D."]
[Black "Izuzquiza Gonzalez, Javier"]
[WhiteFideId "100692"]
[BlackFideId "3101029"]
[WhiteElo "2517"]
[BlackElo "2283"]
[Result "1-0"]
[Round "8"]
[TimeControl "180+2"]
[Date "2023.07.18"]
[WhiteClock "0:01:35"]
[BlackClock "0:01:03"]
[Board "81"]

1. d4 Nf6 2. Nf3 g6 3. Nc3 d5 4. Bg5 Bg7 5. Bxf6 Bxf6 6. e4 dxe4 7. Nxe4 Bg7 8. Bc4 O-O 9. O-O Nd7 10. Re1 Nf6 11. Nxf6+ Bxf6 12. c3 Bg4 13. h3 Bd7 14. Ne5 Bxe5 15. Rxe5 b6 16. Qe2 e6 17. Re1 Bc6 18. Qg4 Kg7 19. h4 Qf6 20. h5 Rad8 21. R1e3 Bb7 22. Rh3 Rh8 23. h6+ Kf8 24. Rhe3 c6 25. Rf3 Qe7 26. Rxe6 Qd7 27. Qf4 f5 28. Rf6+ 1-0


[Site "https://www.chess.com"]

[Event "Titled Tuesday Blitz July 18 Late 2023"]
[White "Balague Camps, Marc"]
[Black "Cardenas Carbajal, Nilson"]
[WhiteFideId "2297914"]
[BlackFideId "8401128"]
[WhiteElo "2514"]
[BlackElo "2206"]
[Result "1-0"]
[Round "8"]
[TimeControl "180+2"]
[Date "2023.07.18"]
[WhiteClock "0:01:55"]
[BlackClock "0:00:00"]
[Board "82"]

1. d4 d5 2. c4 e6 3. Nf3 Nf6 4. cxd5 exd5 5. Bf4 Bd6 6. Bg3 O-O 7. Nc3 c6 8. e3 Bg4 9. Bd3 Re8 10. Qc2 Na6 11. a3 Nc7 12. O-O Bxg3 13. hxg3 Bxf3 14. gxf3 h5 15. Kg2 Ne6 16. b4 a5 17. Rh1 axb4 18. axb4 Rxa1 19. Rxa1 Qd6 20. Qb1 h4 21. gxh4 Nh5 22. Bh7+ Kh8 23. Bf5 g6 24. Bxe6 Qxe6 25. Ra7 Qf6 26. Qh1 Re7 27. Qh3 Ng7 28. Qc8+ Kh7 29. Rxb7 Qxh4 30. Rxe7 Qxe7 31. Qxc6 Nf5 32. Nxd5 Qg5+ 33. Kf1 Qh4 34. Ke2 Qh3 35. Nf6+ Kg7 36. Ne8+ Kh7 37. Nf6+ Kg7 38. Ne4 Qh4 39. b5 Ne7 40. Qc7 Nf5 41. b6 Qh1 42. b7 Qc1 43. Qxc1 1-0


[Site "https://www.chess.com"]

[Event "Titled Tuesday Blitz July 18 Late 2023"]
[White "Troff, Kayden"]
[Black "KorolDimitriy75"]
[WhiteFideId "2047896"]
[WhiteElo "2768"]
[BlackElo "2417"]
[Result "1-0"]
[Round "8"]
[TimeControl "180+2"]
[Date "2023.07.18"]
[WhiteClock "0:01:24"]
[BlackClock "0:00:00"]
[Board "83"]

1. e4 c5 2. Nc3 g6 3. d4 cxd4 4. Qxd4 Nf6 5. Nf3 Nc6 6. Qa4 d6 7. e5 dxe5 8. Nxe5 Bd7 9. Nxd7 Qxd7 10. Be3 Bg7 11. Rd1 Qc8 12. Be2 O-O 13. O-O a6 14. Bf3 Qc7 15. Qb3 b5 16. Bg5 Rac8 17. Bxf6 Bxf6 18. Nd5 Qe5 19. c3 Rb8 20. Rfe1 Qg5 21. Qa3 Rfc8 22. Qxa6 Ne5 23. Be4 1-0


[Site "https://www.chess.com"]

[Event "Titled Tuesday Blitz July 18 Late 2023"]
[White "Al Mukhaini, Shima"]
[Black "Adewumi, Tanitoluwa"]
[WhiteFideId "22005854"]
[BlackFideId "30966396"]
[WhiteElo "2403"]
[BlackElo "2633"]
[Result "1-0"]
[Round "8"]
[TimeControl "180+2"]
[Date "2023.07.18"]
[WhiteClock "0:00:39"]
[BlackClock "0:00:01"]
[Board "84"]

1. b3 e5 2. Bb2 Nc6 3. e3 d5 4. Bb5 Bd6 5. f4 Qh4+ 6. g3 Qe7 7. Nf3 e4 8. Bxg7 Bg4 9. Be2 exf3 10. Bxf3 Bxf3 11. Qxf3 O-O-O 12. Bxh8 f6 13. Nc3 Nh6 14. Nxd5 Qe6 15. Bxf6 Re8 16. Bb2 Nf5 17. O-O-O a5 18. a4 Bc5 19. Rhe1 Nd6 20. Nf6 Rf8 21. Nxh7 Re8 22. Ng5 Qg6 23. d4 Nb4 24. Rd2 Na2+ 25. Kb1 Bb4 26. Kxa2 Bxd2 27. Re2 Qxc2 28. Rxd2 Qxd2 29. e4 Qxh2 30. e5 Nf5 31. Qg4 Qc2 32. Nf3 Kb8 33. Qg6 Rd8 34. g4 Nxd4 35. Qxc2 Nxc2 36. e6 Nb4+ 37. Kb1 Rd1+ 38. Bc1 Rd3 39. e7 Rxb3+ 40. Ka1 Rxf3 41. e8=Q+ Ka7 42. Bd2 Nc6 43. Be3+ b6 44. Qxc6 1-0


[Site "https://www.chess.com"]

[Event "Titled Tuesday Blitz July 18 Late 2023"]
[White "Omelja, Artem"]
[Black "Yolosz"]
[WhiteFideId "14119846"]
[WhiteElo "2631"]
[BlackElo "2404"]
[Result "1-0"]
[Round "8"]
[TimeControl "180+2"]
[Date "2023.07.18"]
[WhiteClock "0:01:13"]
[BlackClock "0:00:09"]
[Board "85"]

1. h3 d5 2. a3 Nf6 3. b4 Bf5 4. Bb2 Bg6 5. Nf3 c6 6. e3 e6 7. Be2 Nbd7 8. d4 a5 9. b5 c5 10. dxc5 Bxc5 11. Nbd2 O-O 12. Nb3 Be7 13. O-O Ne4 14. c4 dxc4 15. Bxc4 Bf6 16. Bxf6 Ndxf6 17. Nbd4 Rc8 18. Be2 Nc3 19. Qe1 Qb6 20. Rc1 Nxe2+ 21. Qxe2 Be4 22. Qb2 h6 23. Rfd1 Rxc1 24. Rxc1 Rd8 25. Nd2 Bg6 26. Nc4 Qa7 27. a4 Rc8 28. Ne5 Rxc1+ 29. Qxc1 Be4 30. Qc8+ Kh7 31. Nxf7 Qb6 32. Qh8+ Kg6 33. Ne5+ Kh5 34. Qxg7 Qc5 35. g4+ Kh4 36. Qxh6+ 1-0


[Site "https://www.chess.com"]

[Event "Titled Tuesday Blitz July 18 Late 2023"]
[White "Jonkman, Harmen"]
[Black "Ambartsumova, Karina"]
[WhiteFideId "1002708"]
[BlackFideId "4166299"]
[WhiteElo "2403"]
[BlackElo "2557"]
[Result "1-0"]
[Round "8"]
[TimeControl "180+2"]
[Date "2023.07.18"]
[WhiteClock "0:00:05"]
[BlackClock "0:00:02"]
[Board "86"]

1. d4 d6 2. Nf3 g6 3. Nc3 Bg7 4. e4 Nd7 5. Be2 a6 6. O-O b5 7. a3 Bb7 8. Bf4 e5 9. dxe5 dxe5 10. Bg3 Ne7 11. Qd2 O-O 12. Rfd1 Nc5 13. Qe3 Nd7 14. Nxe5 Bxe5 15. Bxe5 Nc6 16. Rxd7 Qxd7 17. Nd5 f6 18. Nxf6+ Rxf6 19. Bxf6 Qf7 20. Bc3 Re8 21. Rd1 Bc8 22. h4 Be6 23. Qc5 Bd7 24. e5 Nd8 25. Qxc7 Be6 26. Qd6 Nb7 27. Qxa6 Nc5 28. Qxb5 Ne4 29. Be1 Rc8 30. Bd3 Nc5 31. h5 Bg4 32. Rb1 Be6 33. Bb4 Nxd3 34. cxd3 Rc2 35. Rf1 Kg7 36. Qb8 Bd5 37. Qd8 Be6 38. Be7 Kh6 39. Bf6 Kxh5 40. Qd4 Bg4 41. Qf4 h6 42. Qh2+ Bh3 43. Qxh3# 1-0


[Site "https://www.chess.com"]

[Event "Titled Tuesday Blitz July 18 Late 2023"]
[White "Sadovsky, Artem"]
[Black "Luong Phuong Hanh"]
[WhiteFideId "4155840"]
[BlackFideId "12401013"]
[WhiteElo "2555"]
[BlackElo "2401"]
[Result "1-0"]
[Round "8"]
[TimeControl "180+2"]
[Date "2023.07.18"]
[WhiteClock "0:00:29"]
[BlackClock "0:00:55"]
[Board "87"]

1. Nf3 Nf6 2. e3 g6 3. b3 Bg7 4. Bb2 d6 5. c4 O-O 6. Be2 e5 7. O-O Nbd7 8. d4 Qe7 9. dxe5 dxe5 10. Ba3 c5 11. Nc3 e4 12. Nd2 b6 13. Qc2 Bb7 14. Rad1 Rad8 15. Bb2 Rfe8 16. Qb1 Nf8 17. Qa1 Ne6 18. Ndb1 Rxd1 19. Rxd1 Rd8 20. Nd2 Ng5 21. Nf1 Rxd1 22. Qxd1 Qd7 23. Qc2 Ne8 24. Ng3 f5 25. Bf1 Nf7 26. Nge2 g5 27. Ng3 Ned6 28. Nh5 Bh8 29. Nd5 Bxd5 30. Bxh8 Kxh8 31. Qb2+ 1-0


[Site "https://www.chess.com"]